 Dungeon Crawl Stone Soup version 0.26-a0-1021-gda264ca44c (webtiles) character file.

Game seed: 18184793640663343566

2993 lunkers the Frost Mage (level 9, 0/65 HPs)
             Began as a Merfolk Ice Elementalist on Dec 8, 2020.
             Was a Follower of Ashenzari.
             Slain by an unseen horror (6 damage)
             ... on level 7 of the Dungeon.
             The game lasted 00:13:09 (9225 turns).

lunkers the Frost Mage (Merfolk Ice Elementalist)   Turns: 9225, Time: 00:13:09

Health: 0/65       AC:  6    Str:  8    XL:     9   Next: 83%
Magic:  8/18       EV: 15    Int: 18    God:    Ashenzari [*.....]
Gold:   359        SH:  0    Dex: 14    Spells: 10/21 levels left

rFire    . . .     SeeInvis .   x - +2 rapier (speed) (curse)
rCold    . . .     Faith    .   (no shield)
rNeg     + . .     Spirit   .   u - +2 robe {rN+} (curse)
rPois    .         Reflect  .   o - +0 helmet (curse)
rElec    .         Harm     .   (no cloak)
rCorr    .         Rampage  .   (no gloves)
Will     .....                  v - +0 pair of boots (curse)
Stlth    ++........             (no amulet)
HPRegen  0.20/turn              i - ring of stealth (curse)
MPRegen  0.16/turn              p - ring of attention (curse)

@: frozen ramparts
A: change form in water, swift swim, stealthy swim
a: Curse Item, Scrying, Renounce Religion


You were on level 7 of the Dungeon.
You worshipped Ashenzari.
Ashenzari was aware of your devotion.
You visited 1 branch of the dungeon, and saw 7 of its levels.

You collected 359 gold pieces.

Inventory:

Hand Weapons
 b - a +0 dagger
 x - a cursed +2 rapier of speed (weapon)
 B - a +1 war axe of flaming
Armour
 o - a cursed +0 helmet (worn)
 u - a cursed +2 robe of positive energy (worn)
 v - a cursed +0 pair of boots (worn)
 y - a +0 ring mail of willpower
 C - +0 steam dragon scales
Jewellery
 i - a cursed ring of stealth (left hand)
 p - a cursed ring of attention (right hand)
 D - an uncursed amulet of guardian spirit
Wands
 a - a wand of iceblast (7)
 A - a wand of enslavement (7)
Scrolls
 e - 2 scrolls of blinking {unknown}
 g - 2 scrolls of magic mapping {unknown}
 m - a scroll of summoning {unknown}
 n - 2 scrolls of enchant armour {unknown}
 t - a scroll of teleportation {unknown}
 w - a scroll of fog {unknown}
Potions
 c - a potion of flight
 d - a potion of lignification
 f - a potion of might
 h - 3 potions of curing
 j - a potion of brilliance
 k - a potion of haste {unknown}
 l - 4 potions of heal wounds
 q - 2 potions of mutation
 r - 2 potions of ambrosia
 s - 2 potions of invisibility
 z - a potion of resistance {unknown}


   Skills:
 + Level 4.0 Fighting
 + Level 5.7 Dodging
 - Level 2.1 Stealth
 + Level 6.5 Spellcasting
 - Level 2.0 Summonings
 * Level 11.4 Ice Magic


You had 10 spell levels left.
You knew the following spells:

 Your Spells              Type           Power        Failure   Level
a - Freeze                Ice            ####         1%          1
b - Frozen Ramparts       Ice            #####.       1%          3
c - Ozocubu's Armour      Ice            #####...     1%          3
d - Summon Ice Beast      Ice/Summ       ####....     7%          4

Your spell library contained the following spells:

 Spells                   Type           Power        Failure   Level
 Hailstorm                Conj/Ice       ####....     11%         4
 Apportation              Tloc           #.....       12%         1


Dungeon Overview and Level Annotations

Branches:
Dungeon (7/15)             Temple (0/1) D:6

Altars:
Ashenzari
Elyvilon
Gozag
Qazlal
Sif Muna

Shops:
D:4 (   D:7 *


Message History

Casting: Frozen Ramparts (safe; 1% risk of failure)
Confirm with . or Enter, or press ? or * to list all spells.
Okay, then.
The wall freezes something. x3; Something barely misses you.
Casting: Frozen Ramparts (safe; 1% risk of failure)
Confirm with . or Enter, or press ? or * to list all spells.
Okay, then.
Casting: Frozen Ramparts (safe; 1% risk of failure)
Confirm with . or Enter, or press ? or * to list all spells.
A chill wind blows around you.
The wall freezes something.
Something hits you!
* * * LOW HITPOINT WARNING * * *
The wall freezes something.
Something hits you!
* * * LOW HITPOINT WARNING * * *
The wall freezes something.
Something hits you but does no damage.
Casting: Summon Ice Beast (dangerous; 7% risk of failure)
Confirm with . or Enter, or press ? or * to list all spells.
A chill wind blows around you.
The wall freezes something.
Something hits you!
* * * LOW HITPOINT WARNING * * *
The wall freezes something.
Something hits you.
You die...

#.........##.^.#..............#
#..........................##.##
..........###...##..#.......##.#.
..#.................#..#..#.##.#.
..........###....#..#..........#.
..#....................#.........
..#...##.........#..#..#..#.####.
. #.#>##.###.###.#Y.#............
# #.......{@...#............
#.###.###.......#.##.####( ....
..Y..#..#.##.# #. #.#.########
#.#### #. ...#.# #.# #. ### #.#
#.# #. #.# #.######## #.
#........< ##########


You could see 2 friendly ice beasts.

Vanquished Creatures
  A centaur zombie (D:7)
  Maggie (D:7)
  Eustachio (D:3)
  A black bear (D:7)
  Duvessa (D:4)
  A sky beast (D:7)
  An ice beast (D:5)
  An orc warrior (D:7)
  2 ogres
  3 centaurs
  Blork the orc (D:4)
  3 bullfrogs
  Dowan (D:4)
  A wyvern skeleton (D:6)
  A quasit (D:6)
  4 orc priests
  A centaur skeleton (D:4)
  4 hounds
  7 orc wizards
  5 worker ants
  An iguana (D:7)
  2 hound skeletons
  2 howler monkey zombies
  A worker ant zombie (D:7)
  9 adders
  2 shadow imps
  2 white imps
  An ufetubus (D:5)
  6 oozes
  2 adder skeletons
  2 worms
  3 dart slugs
  4 leopard geckos
  22 orcs
  10 giant cockroaches
  3 goblins
  4 hobgoblins
  13 jackals
  9 kobolds
  4 quokkas
  14 bats
  9 frilled lizards
  2 jackal skeletons
  12 rats
180 creatures vanquished.

Vanquished Creatures (collateral kills)
  A phantom (D:7)
1 creature vanquished.

Vanquished Creatures (others)
  A hobgoblin (D:2)
  5 plants (D:3)
6 creatures vanquished.

Grand Total: 187 creatures vanquished

Notes
Turn   | Place    | Note
-------+----------+-------------------------------------------
     0 | D:1      | lunkers the Merfolk Ice Elementalist began the quest for
                  | the Orb.
     0 | D:1      | Reached XP level 1. HP: 13/13 MP: 3/3
   109 | D:1      | Reached XP level 2. HP: 15/19 MP: 1/5
   314 | D:1      | Reached skill level 5 in Ice Magic
   336 | D:1      | Reached XP level 3. HP: 18/24 MP: 1/6
  1317 | D:1      | Learned a level 3 spell: Frozen Ramparts
  1321 | D:1      | Learned a level 3 spell: Ozocubu's Armour
  1355 | D:2      | Noticed a centaur
  1472 | D:2      | Reached XP level 4. HP: 30/30 MP: 3/8
  1480 | D:2      | Killed a centaur
  1481 | D:2      | Reached skill level 6 in Ice Magic
  1481 | D:2      | Reached XP level 5. HP: 4/35 MP: 1/9
  1489 | D:2      | HP: 1/35 [jackal (2)]
  2075 | D:2      | Found a faded altar of an unknown god.
  2248 | D:2      | Reached XP level 6. HP: 41/41 MP: 8/11
  2537 | D:2      | Reached skill level 7 in Ice Magic
  2892 | D:3      | Found a white marble altar of Elyvilon.
  2935 | D:3      | Found a stormy altar of Qazlal.
  3589 | D:4      | Noticed Eustachio
  3661 | D:4      | Noticed Duvessa
  3670 | D:3      | Killed Eustachio
  3671 | D:3      | Reached XP level 7. HP: 6/46 MP: 3/13
  3937 | D:4      | Noticed Dowan
  3942 | D:4      | Killed Duvessa
  3943 | D:4      | Reached skill level 8 in Ice Magic
  3943 | D:4      | Killed Dowan
  4181 | D:4      | Noticed Blork the orc
  4247 | D:4      | Killed Blork the orc
  4489 | D:4      | Found Rovamyer's Weapon Emporium.
  4644 | D:4      | Reached skill level 9 in Ice Magic
  5055 | D:4      | Found a broken altar of Ashenzari.
  5120 | D:4      | Reached XP level 8. HP: 52/52 MP: 6/15
  5137 | D:4      | Became a worshipper of Ashenzari the Shackled
  5330 | D:4      | Reached skill level 5 in Spellcasting
  5571 | D:5      | Entered Level 5 of the Dungeon
  6007 | D:5      | Found a shimmering blue altar of Sif Muna.
  6025 | D:5      | Identified Sif Muna's Reference Book on the Voyage
  6901 | D:6      | Reached * piety under Ashenzari
  6922 | D:6      | Learned a level 4 spell: Summon Ice Beast
  6970 | D:6      | Found a staircase to the Ecumenical Temple.
  7274 | D:5      | Reached skill level 1 in Fighting
  7274 | D:5      | Reached skill level 10 in Ice Magic
  7477 | D:6      | Reached skill level 1 in Summonings
  8110 | D:6      | Reached XP level 9. HP: 51/61 MP: 11/17
  8682 | D:7      | Reached skill level 5 in Dodging
  8897 | D:7      | Reached skill level 11 in Ice Magic
  8898 | D:7      | Noticed Maggie
  8917 | D:7      | Killed Maggie
  8991 | D:7      | Found an opulent altar of Gozag.
  8997 | D:7      | Found Gozag's Platinum Reserve.
  9225 | D:7      | Slain by an unseen horror

Illustrated notes

Levels and vault maps discovered:
D:1:      dpeg_arrival_windows_large_door, layout_basic
D:2:      layout_rooms, chequers_ecumenical_altar_island,
          minmay_misc_feat_plants
D:3:      wad_lake_hut, layout_rooms, lemuel_doored_altar, old_standard_altar,
          minmay_fractal_squares_5
D:4:      layout_loops_cross, ashenzari_altar_1, serial_shops,
          kennysheep_mini_moat, minivault_5, uniq_blork_the_orc, uniq_duvessa,
          uniq_eustachio
D:5:      layout_loops_cross, led_sif_book, serial_co_window_serial,
          co_window_corner_a, co_window_paths_a, co_window_paths_a,
          co_window_corner_a, co_window_paths_a, co_window_cross_1,
          co_window_corner_a, co_window_broadway_c, co_window_broadway_c,
          co_window_paths_c, co_window_broadway_a, glass_columns_a,
          glass_columns_c, glass_columns_b, minmay_misc_feat_alley
D:6:      layout_basic, minmay_temple_entry_drinking_statues,
          hangedman_minor_gate_pass
D:7:      layout_basic, nicolae_gozag_zags_fifth_avenue, uniq_maggie

Skill      XL: |  1  2  3  4  5  6  7  8  9 |
---------------+----------------------------+-----
Ice Magic      | 5 6 7 9 10 11 | 11.4
Spellcasting   | 3 4 5 6 |  6.5
Dodging        | 3 5 |  5.7
Fighting       | 1 4 |  4.0
Summonings     | 1 2 |  2.0
Stealth        | |  2.1

Action                   |  1- 3 |  4- 6 |  7- 9 || total
-------------------------+-------+-------+-------++-------
Melee: Dagger            |    11 |     5 |    48 ||    64
       Rapier            |       |       |   118 ||   118
 Cast: Freeze            |    45 |   101 |   136 ||   282
       Frozen Ramparts   |       |     2 |    25 ||    27
       Ozocubu's Armour  |       |       |     5 ||     5
       Summon Ice Beast  |       |       |     5 ||     5
Invok: Curse Item        |       |       |     5 ||     5
  Use: Potion            |       |     1 |       ||     1
       Scroll            |       |       |     9 ||     9
 Stab: Sleeping          |       |       |     1 ||     1
Armor: Robe              |     4 |    10 |    52 ||    66
Dodge: Dodged            |    31 |    97 |   189 ||   317

Table legend: (Time is in decaauts)
 A = Elapsed time spent in this place.
 B = Non-inter-level travel time spent in this place.
 C = Inter-level travel time spent in this place.
 D = Time resting spent in this place.
 E = Time spent auto-exploring this place.
 F = Levels seen in this place.
 G = Mean time per level.
                   A        B        C        D        E       F      G
               +--------+--------+--------+--------+--------+-----+--------+
         Total |   9172 |   9002 |    170 |   1106 |   6466 |   7 | 1310.3 |
       Dungeon |   9172 |   9002 |    170 |   1106 |   6466 |   7 | 1310.3 |
               +--------+--------+--------+--------+--------+-----+--------+

Top non-repeatable levels by time:
     D:1: 1761 daAuts
     D:4: 1585 daAuts
     D:5: 1505 daAuts
     D:6: 1459 daAuts
     D:3: 1234 daAuts
     D:2: 951 daAuts
     D:7: 675 daAuts
